 Dungeon Crawl Stone Soup version 0.29-a0-206-g4a66f2e2b5 (webtiles) character file.

Game seed: 4792633353609826799

109 Inarius the Skirmisher (level 4, 0/35 HPs)
             Began as a Demonspawn Fighter on Feb 23, 2022.
             Was an Initiate of Hepliaklqana.
             Slain by an orc priest
             ... wielding a +0 hand axe
              (3 damage)
             ... on level 3 of the Dungeon.
             The game lasted 00:03:31 (3327 turns).

Inarius the Skirmisher (Demonspawn Fighter)         Turns: 3327, Time: 00:03:31

Health: 0/35       AC: 10    Str: 18    XL:     4   Next: 60%
Magic:  4/4        EV:  9    Int: 10    God:    Hepliaklqana [......]
Gold:   158        SH:  4    Dex: 12    Spells: 3/3 levels left

rFire   . . .      SeeInvis .   a - +0 war axe
rCold   . . .      Faith    .   c - +0 buckler
rNeg    . . .      Spirit   .   f - +0 chain mail
rPois   .          Reflect  .   (no helmet)
rElec   .          Harm     .   (no cloak)
rCorr   .          Rampage  .   (no gloves)
Will    .....                   j - +0 pair of boots
Stlth   ..........              (no amulet)
HPRegen 0.11/turn               (no ring)
MPRegen 0.18/turn               (no ring)

@: no status effects
A: repulsion field 2, magic regeneration
a: Renounce Religion


You were on level 3 of the Dungeon.
You worshipped Hepliaklqana.
Hepliaklqana was noncommittal.
You visited 1 branch of the dungeon, and saw 3 of its levels.

You collected 158 gold pieces.

Inventory:

Hand Weapons
 a - a +0 war axe (weapon)
Armour
 b - a +0 scale mail
 c - a +0 buckler (worn)
 f - a +0 chain mail (worn)
 j - a +0 pair of boots (worn)
Scrolls
 g - 4 scrolls of teleportation {unknown}
 i - a scroll of enchant armour {unknown}
 o - a scroll of vulnerability {unknown}
Potions
 e - a potion of heal wounds {unknown}
 h - a potion of brilliance
 k - a potion of curing {unknown}
 l - a potion of berserk rage {unknown}
 n - a potion of flight {unknown}


   Skills:
 + Level 3.5 Fighting
 + Level 3.4 Axes
 + Level 3.1 Armour
 + Level 0.2 Dodging
 + Level 3.0 Shields


You had 3 spell levels left.
You didn't know any spells.
Your spell library was empty.

Dungeon Overview and Level Annotations

Branches:
Dungeon (3/15)

Altars:
Hepliaklqana
Beogh


Innate Abilities, Weirdness & Mutations

You are surrounded by a moderate repulsion field. (EV +3)
You regenerate magic rapidly.


Message History

The orc closely misses you.
You barely miss the orc priest.
The orc priest is lightly wounded.
You slash the orc!
You kill the orc!
The orc priest looks encouraged for a moment.
You barely miss the orc priest.
The orc priest is lightly wounded.
The orc priest mumbles some strange prayers to Beogh against you.
Pain shoots through your body!
You hit the orc priest but do no damage.
The orc priest is lightly wounded.
You hit the orc priest.
The orc priest invokes the aid of Beogh against you.
Pain shoots through your body! The orc priest barely misses you.
The orc priest hits you with a +0 hand axe.
You feel very mighty all of a sudden.
The orc priest mumbles some strange prayers to Beogh against you.
Beogh smites you!
* * * LOW HITPOINT WARNING * * *
The orc priest hits you but does no damage.
It was a potion of brilliance.
You feel clever all of a sudden.
The orc priest hits you but does no damage.
The orc priest barely misses you.
You closely miss the orc priest.
The orc priest is heavily wounded.
You closely miss the orc priest.
The orc priest hits you but does no damage.
The orc priest closely misses you.
It was a potion of cancellation.
Your magical effects are unravelling.
You feel magically purged.
You feel a little less mighty now.
You feel a little less clever now. The orc priest closely misses you. x2
You slash the orc priest!
You kill the orc priest!
You hit the orc priest but do no damage.
The orc priest hits you with a +0 hand axe.
You die...

#.
##################.
#..................
##################.
##._$## #...
#$8.8.# #.#.
#$.$..# #.#.
#)8o8$# #.#.
#########@).# ##.#.
#.......##'##
####.#..
#.#####....#
#...###. #.# ######
#.##.#.# #.#
#.###.## #.#
##.###.# #.#
#......# #.####
#..##### #....#
#..#


You could see an orc priest.

Vanquished Creatures
  An orc priest (D:3)
  2 adders (D:2)
  2 worms
  3 dart slugs
  6 orcs
  8 endoplasms
  2 giant cockroaches (D:1)
  7 goblins
  6 hobgoblins
  4 jackals (D:1)
  A quokka (D:1)
  6 ball pythons
  7 bats
  5 frilled lizards
  9 kobolds
  4 rats
73 creatures vanquished.

Notes
Turn   | Place    | Note
-------+----------+-------------------------------------------
     0 | D:1      | Inarius the Demonspawn Fighter began the quest for the Orb.
     0 | D:1      | Reached XP level 1. HP: 18/18 MP: 1/1
   460 | D:1      | Gained mutation: You are surrounded by a mild repulsion
                  | field. (EV +2) [demonic ancestry]
   460 | D:1      | Reached XP level 2. HP: 24/24 MP: 2/2
   866 | D:1      | Gained mutation: You are surrounded by a moderate repulsion
                  | field. (EV +3) [demonic ancestry]
   866 | D:1      | Reached XP level 3. HP: 29/29 MP: 3/3
  1861 | D:2      | Gained mutation: You regenerate magic rapidly. [demonic
                  | ancestry]
  1861 | D:2      | Reached XP level 4. HP: 34/35 MP: 4/4
  2887 | D:3      | Found a hazy altar of Hepliaklqana.
  2898 | D:3      | Became a worshipper of Hepliaklqana the Forgotten
  3201 | D:3      | Found a faded altar of an unknown god.
  3327 | D:3      | Slain by an orc priest

Illustrated notes

Levels and vault maps discovered:
D:1:      dpeg_arrival_morbid_curiosity, layout_loops_corners
D:2:      layout_loops_corners, minmay_tromino_v2
D:3:      layout_loops_ring, pf_just_have_faith,
          hellmonk_ecumenical_altar_leap_of_faith, kennysheep_orc_chapel

Skill      XL: |  1  2  3 |
---------------+----------+-----
Axes           | 2 3 |  3.4
Armour         | 3 |  3.1
Shields        | 3 |  3.0
Fighting       | |  3.5
Dodging        | |  0.2

Action                   |  1- 3 |  4- 6 || total
-------------------------+-------+-------++-------
Melee: War axe           |   125 |    86 ||   211
  Use: Potion            |       |     3 ||     3
Armor: Scale mail        |     7 |       ||     7
       Chain mail        |    68 |    38 ||   106
Dodge: Dodged            |    62 |    57 ||   119
Block: Buckler           |    32 |    24 ||    56

Table legend: (Time is in decaauts)
 A = Elapsed time spent in this place.
 B = Non-inter-level travel time spent in this place.
 C = Inter-level travel time spent in this place.
 D = Time resting spent in this place.
 E = Time spent auto-exploring this place.
 F = Levels seen in this place.
 G = Mean time per level.
                   A        B        C        D        E       F      G
               +--------+--------+--------+--------+--------+-----+--------+
         Total |   3411 |   3344 |     67 |    157 |   2581 |   3 | 1137.0 |
       Dungeon |   3411 |   3344 |     67 |    157 |   2581 |   3 | 1137.0 |
               +--------+--------+--------+--------+--------+-----+--------+

Top non-repeatable levels by time:
     D:2: 1391 daAuts
     D:1: 1307 daAuts
     D:3: 712 daAuts
